 Dungeon Crawl Stone Soup version 0.29-a0-515-g7c1fb6cc08 (webtiles) character file.

Game seed: 14139194015022576974

254 LavaOrcPlayer the Grave Robber (level 5, 0/39 HPs)
             Began as a Demonspawn Necromancer on May 30, 2022.
             Slain by a jackal (2 damage)
             ... on level 4 of the Dungeon.
             The game lasted 00:05:57 (3347 turns).

LavaOrcPlayer the Grave Robber (DsNe)               Turns: 3347, Time: 00:05:57

Health: 0/39       AC:  3    Str:  9    XL:     5   Next: 91%
Magic:  9/9        EV: 12    Int: 18    God:
Gold:   136        SH:  4    Dex: 13    Spells: 4/9 levels left

rFire   . . .      SeeInvis .   (no weapon)
rCold   . . .      Faith    .   i - +0 buckler {reflect}
rNeg    . . .      Spirit   .   a - +0 robe
rPois   .          Reflect  +   (helmet restricted)
rElec   .          Harm     .   (no cloak)
rCorr   .          Rampage  .   (no gloves)
Will    .....                   (no boots)
Stlth   ++........              b - amulet of magic regeneration
HPRegen 0.13/turn               (no ring)
MPRegen 0.62/turn               (no ring)

@: no status effects
A: antennae 1, rugged brown scales 1, magic regeneration
a: no special abilities


You were on level 4 of the Dungeon.
You visited 1 branch of the dungeon, and saw 4 of its levels.

You collected 172 gold pieces.
You spent 36 gold pieces at shops.


Innate Abilities, Weirdness & Mutations

You have a pair of small antennae on your head.
You are partially covered in rugged brown scales. (AC +1, +3% HP)
You regenerate magic rapidly.


   Skills:
 + Level 2.1 Fighting
 + Level 2.7 Dodging
 + Level 2.8 Stealth
 + Level 1.3 Shields
 + Level 2.7 Spellcasting
 * Level 5.6 Necromancy


You had 4 spell levels left.
You knew the following spells:

 Your Spells              Type           Power      Damage    Failure   Level
a - Animate Dead          Necr           22%        N/A       22%         4
X - Necrotize             Necr           88%        1d8       2%          1

Your spell library contained the following spells:

 Spells                   Type           Power      Damage    Failure   Level
 Vampiric Draining        Necr           22%        2d7       6%          3
 Magic Dart               Conj           8%         1d3       22%         1
 Call Imp                 Summ           2%         N/A       32%         2
 Mephitic Cloud           Conj/Pois/Air  2%         N/A       54%         3
 Agony                    Necr           22%        N/A       52%         5

Inventory:

Missiles
 n - a throwing net {=f!f}
Armour
 a - a +0 robe (worn)
 d - a +0 helmet
   (You found it on level 1 of the Dungeon)
 i - a +0 buckler of reflection (worn)
   (You found it on level 2 of the Dungeon)
Jewellery
 b - an amulet of magic regeneration (around neck)
   (You found it on level 1 of the Dungeon)
 g - an amulet of regeneration
   (You found it on level 1 of the Dungeon)
Scrolls
 c - 5 scrolls of identify {unknown}
 h - 2 scrolls of fog {unknown}
 j - 2 scrolls of noise {unknown}
 l - a scroll of silence {unknown}
 m - a scroll of fear {unknown}
 o - 3 scrolls of teleportation {unknown}
 p - a scroll of immolation {unknown}
 q - a scroll of vulnerability {unknown}
 t - a scroll of summoning {unknown}
 u - a scroll of brand weapon {unknown}
Potions
 e - a potion of haste {unknown}
 f - a potion of curing {unknown}
 k - 2 potions of flight {unknown}
 r - a potion of might {unknown}
 s - 2 potions of degeneration {unknown}

Dungeon Overview and Level Annotations

Branches:
Dungeon (4/15)
 Temple: D:4-7

Altars:
Xom

Shops:
D:2 *

Annotations:
D:2 1 runed translucent door, Crazy Yiuf

#.##.######
.......oh@#
h.....)ooh#
.........B#
#....##...+
#.... #...#
.... ....#
#.. ##..$#
#.. #...#


You could see 3 orcs, 2 jackals and a giant cockroach.


Message History

The orc hits you with a +0 short sword. 😕 HP[-4] MP[+1]
You take 4 damage, and now have 32/39 hp.
The orc barely misses you. 😕 MP[+1]
You closely miss the jackal.
The giant cockroach waves its antennae.
The giant cockroach bites your orc wizard skeleton.
The jackal bites you but does no damage. x2
Your orc wizard skeleton hits the giant cockroach but does no damage.
The orc hits you with a +0 short sword. 😮 HP[-4]
You take 4 damage, and now have 28/39 hp.
You hit the jackal. The jackal closely misses you. The jackal bites you.
The giant cockroach bites your orc wizard skeleton.
Your orc wizard skeleton hits the giant cockroach but does no damage.
The jackal misses you. The jackal closely misses you.
The giant cockroach bites your orc wizard skeleton.
The orc barely misses you. 😮 MP[+1]
You closely miss the jackal. The jackal bites you.
The jackal bites you but does no damage.
The giant cockroach bites your orc wizard skeleton.
Your orc wizard skeleton hits the giant cockroach but does no damage. 😮 HP[-1] MP[+1]
You take 1 damage, and now have 27/39 hp.
You hit the jackal. You block the jackal's attack. x2
The giant cockroach bites your orc wizard skeleton.
The jackal misses you.
You hit the jackal but do no damage. The jackal barely misses you.
The giant cockroach bites your orc wizard skeleton.
Your orc wizard skeleton hits the giant cockroach but does no damage.
The jackal misses you. x2; You block the orc's attack. 😮 MP[+1]
You hit the jackal. You block the jackal's attack.
The giant cockroach bites your orc wizard skeleton.
The jackal barely misses you.
Your orc wizard skeleton closely misses the giant cockroach.
The orc hits you with a +2 mace of protection!
* * * LOW HITPOINT WARNING * * *
You block the jackal's attack.
The giant cockroach barely misses your orc wizard skeleton.
The jackal misses you. 😨 HP[-9] MP[+1]
You take 9 damage, and now have 18/39 hp.
MASSIVE DAMAGE!! (PAUSE)
You hit the jackal but do no damage. You block the jackal's attack.
The jackal bites you but does no damage.
Your orc wizard skeleton closely misses the giant cockroach.
The giant cockroach bites your orc wizard skeleton.
The orc hits you with a +2 mace of protection!
* * * LOW HITPOINT WARNING * * *
😨 HP[-7]
You take 7 damage, and now have 11/39 hp.
You closely miss the jackal. You block the jackal's attack.
The jackal misses you.
The giant cockroach barely misses your orc wizard skeleton.
The orc closely misses you.
Your orc wizard skeleton hits the giant cockroach.
The jackal closely misses you. The jackal barely misses you.
Your magical contamination has completely faded away. 😨 MP[+1] Unknown command.
You closely miss the jackal.
The giant cockroach bites your orc wizard skeleton.
The orc hits you with a +2 mace of protection.
* * * LOW HITPOINT WARNING * * *
The jackal bites you but does no damage.
You block the jackal's attack.
Your orc wizard skeleton closely misses the giant cockroach. 😱 HP[-4]
You take 4 damage, and now have 7/39 hp.
Unknown command.
You barely miss the jackal.
The giant cockroach bites your orc wizard skeleton.
The jackal bites you.
* * * LOW HITPOINT WARNING * * *
The jackal closely misses you. The orc closely misses you.
The giant cockroach bites your orc wizard skeleton.
Your orc wizard skeleton is destroyed! 😱 HP[-1] MP[+1]
You take 1 damage, and now have 6/39 hp.
Unknown command.
You hit the jackal but do no damage. The jackal barely misses you.
You block the jackal's attack.
The orc hits you with a +2 mace of protection.
* * * LOW HITPOINT WARNING * * *
The jackal closely misses you.
You block the jackal's attack. 😱 HP[-3] MP[+1]
You take 3 damage, and now have 3/39 hp.
Your mp is fully restored (9).
You hit the jackal but do no damage. The jackal bites you.
* * * LOW HITPOINT WARNING * * *
The jackal bites you but does no damage.
The orc closely misses you. 😱 HP[-1]
You take 1 damage, and now have 2/39 hp.
Unknown command.
You hit the jackal but do no damage. The jackal bites you.
You die...

Skill      XL: |  1  2  3  4  5 |
---------------+----------------+-----
Stealth        | 2 |  2.8
Dodging        | 2 |  2.7
Fighting       | 1 2 |  2.1
Necromancy     | 5 |  5.6
Shields        | 1 |  1.3
Spellcasting   | |  2.7

Action                   |  1- 3 |  4- 6 || total
-------------------------+-------+-------++-------
Melee: Unarmed           |    40 |    32 ||    72
 Cast: Necrotize         |    76 |    54 ||   130
  Use: Potion            |     1 |       ||     1
Armor: Robe              |     8 |    15 ||    23
Dodge: Dodged            |    61 |    31 ||    92
Block: Buckler           |     2 |    18 ||    20

Levels and vault maps discovered:
D:1:      tarquinn_simple_flora_water_b, layout_basic,
          shapermc_ecumenical_altar_gd
D:2:      layout_loops_ring, serial_shops, nicolae_shop_hallway_stairs,
          kennysheep_cross_room, minmay_tree_intersection,
          kennysheep_generic_room_14, uniq_terence, uniq_crazy_yiuf_cottage
D:3:      layout_loops_ring, mainiacjoe_overflow_six_doors_small
D:4:      layout_gridville, uniq_menkaure, uniq_grinder, uniq_ijyb, uniq_edmund,
          uniq_pargi

Notes
Turn   | Place    | Note
-------+----------+-------------------------------------------
     0 | D:1      | LavaOrcPlayer the Demonspawn Necromancer began the quest
                  | for the Orb.
     0 | D:1      | Reached XP level 1. HP: 13/13 MP: 3/3
     0 | D:1      | magus.rc [v1.11.3]
   274 | D:1      | Reached skill level 2 in Stealth
   274 | D:1      | Gained mutation: You are partially covered in rugged brown
                  | scales. (AC +1, +3% HP) [demonic ancestry]
   274 | D:1      | Reached XP level 2. HP: 14/20 MP: 0/5
   604 | D:1      | Reached skill level 2 in Dodging
   844 | D:1      | Found a faded altar of an unknown god.
   857 | D:1      | Gained mutation: You have a pair of small antennae on your
                  | head. [demonic ancestry]
   857 | D:1      | Reached XP level 3. HP: 25/25 MP: 3/6
  1421 | D:1      | Reached skill level 1 in Fighting
  1458 | D:2      | Found Nihisayg's Assorted Antiques.
  1542 | D:2      | Bought a scroll labelled JETEMUD LYEDD for 19 gold pieces
  1542 | D:2      | Bought an inky potion for 17 gold pieces
  1612 | D:2      | Reached skill level 5 in Necromancy
  1905 | D:2      | Identified the +3 leather armour of Moditer {Rampage rElec
                  | rF- Str+6}
  2148 | D:2      | Reached XP level 4. HP: 31/32 MP: 5/7
  2203 | D:2      | Found a runed translucent door.
  2204 | D:2      | Noticed Crazy Yiuf
  2272 | D:2      | Noticed Terence
  2277 | D:2      | Killed Terence
  2766 | D:3      | Noticed an ogre
  2773 | D:3      | Killed an ogre
  2774 | D:3      | Reached skill level 1 in Shields
  2774 | D:3      | Gained mutation: You regenerate magic rapidly. [demonic
                  | ancestry]
  2774 | D:3      | Reached XP level 5. HP: 39/39 MP: 4/8
  2966 | D:3      | Found a shimmering altar of Xom.
  3001 | D:3      | Reached skill level 2 in Fighting
  3156 | D:3      | You pick up a book of Minor Magic and begin reading...
  3156 | D:3      | You add the spells Magic Dart, Call Imp and Mephitic Cloud
                  | to your library.
  3303 | D:3      | Learned a level 4 spell: Animate Dead
  3343 | D:4      | HP: 7/39 [orc/+2 mace of protection (5)]
  3345 | D:4      | HP: 3/39 [orc/+2 mace of protection (3)]
  3347 | D:4      | Slain by a jackal

Vanquished Creatures
  An ogre (D:3)
  Terence (D:2)
  An iguana (D:3)
  An orc wizard (D:4)
  A gnoll (D:2)
  A worm (D:3)
  2 dart slugs
  An orc (D:3)
  5 ball pythons
  3 endoplasms
  3 giant cockroaches
  4 goblins
  10 hobgoblins
  7 jackals
  8 kobolds
  3 quokkas
  4 bats
  3 frilled lizards
  7 rats
66 creatures vanquished.

Vanquished Creatures (collateral kills)
  A worm (D:2)
  An endoplasm (D:1)
  A giant cockroach (D:1)
  2 jackals (D:1)
  A bat (D:1)
  A frilled lizard (D:1)
  A kobold (D:1)
8 creatures vanquished.

Vanquished Creatures (others)
  2 fungi (D:2)
  A withered plant (D:1)
3 creatures vanquished.

Grand Total: 77 creatures vanquished

Table legend:
 A = Non-vault XP
 B = Vault XP
 C = Vault XP percentage of total XP
 D = Non-vault monster count
 E = Vault monster count
 F = Vault count percentage of total count
                 A         B        C        D         E       F
            +---------+---------+-------+---------+---------+-------
      Total |     326 |      38 |  10.4 |      72 |       2 |   2.7
            +---------+---------+-------+---------+---------+-------
        D:1 |      56 |       0 |   0.0 |      33 |       0 |   0.0
        D:2 |      44 |      38 |  46.3 |      16 |       2 |  11.1
        D:3 |     193 |       0 |   0.0 |      22 |       0 |   0.0
        D:4 |      33 |       0 |   0.0 |       1 |       0 |   0.0
            +---------+---------+-------+---------+---------+-------

Illustrated notes

Table legend:
 A = Kills in this place as a percentage of kills in entire the game.
 B = Kills by you in this place as a percentage of kills by you in the entire game.
 C = Kills by friends in this place as a percentage of kills by friends in the entire game.
 D = Other kills in this place as a percentage of other kills in the entire game.
 E = Experience gained in this place as a percentage of experience gained in the entire game.
 F = Experience gained in this place divided by the number of levels of this place that you have seen.
                   A       B       C       D       E      F
               +-------+-------+-------+-------+-------+----------------------
         Total | 100.0 | 100.0 | 100.0 |   N/A | 100.0 |  91.0
       Dungeon | 100.0 | 100.0 | 100.0 |   N/A | 100.0 |  91.0
               +-------+-------+-------+-------+-------+----------------------

Table legend: (Time is in decaauts)
 A = Elapsed time spent in this place.
 B = Non-inter-level travel time spent in this place.
 C = Inter-level travel time spent in this place.
 D = Time resting spent in this place.
 E = Time spent auto-exploring this place.
 F = Levels seen in this place.
 G = Mean time per level.
                   A        B        C        D        E       F      G
               +--------+--------+--------+--------+--------+-----+--------+
         Total |   3347 |   3236 |    111 |    300 |   2473 |   4 |  836.8 |
       Dungeon |   3347 |   3236 |    111 |    300 |   2473 |   4 |  836.8 |
               +--------+--------+--------+--------+--------+-----+--------+

Top non-repeatable levels by time:
     D:1: 1535 daAuts
     D:2: 953 daAuts
     D:3: 837 daAuts
     D:4: 21 daAuts
